 Dungeon Crawl Stone Soup version 0.27-a0-1051-g288ea87c7c (webtiles) character file.

Game seed: 6071170862221280594

167937 spiderkeys the Severer (level 17, -16/110 HPs)
             Began as a Hill Orc Abyssal Knight on Apr 20, 2021.
             Was a Priest of Lugonu.
             Demolished by a death scarab (19 damage)
             ... on level 4 of the Spider Nest.
             The game lasted 01:18:04 (44422 turns).

spiderkeys the Severer (Hill Orc Abyssal Knight)   Turns: 44422, Time: 01:18:04

Health: -16/110    AC: 31    Str: 27    XL:     17   Next: 93%
Magic:  18/23      EV: 13    Int:  7    God:    Lugonu [***...]
Gold:   2298       SH: 18    Dex: 10    Spells: 16/16 levels left

rFire    . . .     SeeInvis +   t - +1 war axe (freeze)
rCold    + . .     Faith    .   Q - +0 kite shield
rNeg     + . .     Spirit   .   T - +0 storm dragon scales {rare}
rPois    +         Reflect  +   R - +2 helmet {SInv}
rElec    +         Harm     .   H - +2 ratskin cloak {*Rats rPois rN+ Str-1 Int-1 Dex+1}
rCorr    .         Rampage  .   z - +2 pair of gloves
Will     +....                  g - +2 pair of boots {Fly}
Stlth    ..........             u - amulet of reflection
HPRegen  0.28/turn              C - ring of Symmetry {rC+ EV+4 Dex+3 Stlth+}
MPRegen  0.18/turn              s - +6 ring of strength

@: flying, slowed, invisible, very slow
A: [clumsy 2], [dopey 2], [frail 3], [low mp 2]
a: Renounce Religion, Depart the Abyss, Bend Space, Banish


You were on level 4 of the Spider Nest.
You worshipped Lugonu.
Lugonu was most pleased with you.
You visited 4 branches of the dungeon, and saw 27 of its levels.
You visited the Abyss 5 times.

You collected 3111 gold pieces.
You spent 813 gold pieces at shops.


Innate Abilities, Weirdness & Mutations

[You are very clumsy. (Dex -4)]
[You are very dopey. (Int -4)]
[You are extremely frail. (-30% HP)]
[Your magical capacity is very low. (-20% MP)]


   Skills:
 + Level 16.2 Fighting
 - Level 20.0 Axes
 + Level 14.8 Armour
 + Level 2.8 Dodging
 + Level 11.6 Shields
 + Level 17.2 Invocations
 - Level 8.0 Evocations


You had 16 spell levels left.
You didn't know any spells.
Your spell library contained the following spells:

 Spells                   Type           Power      Damage    Failure   Level
 Corona                   Hex            0%         N/A       95%         1
 Freeze                   Ice            0%         1d3       95%         1
 Magic Dart               Conj           0%         1d3       95%         1
 Sandblast                Erth           0%         2d4       95%         1
 Sting                    Tmut/Pois      0%         1d3       95%         1
 Summon Small Mammal      Summ           0%         N/A       95%         1
 Blink                    Tloc           N/A        N/A       98%         2
 Call Imp                 Summ           0%         N/A       98%         2
 Ensorcelled Hibernation  Hex/Ice        0%         N/A       98%         2
 Passwall                 Tmut/Erth      0%         N/A       98%         2
 Poisonous Vapours        Pois/Air       0%         N/A       98%         2
 Slow                     Hex            0%         N/A       98%         2
 Call Canine Familiar     Summ           0%         N/A       100%        3
 Conjure Flame            Conj/Fire      0%         6-21      100%        3
 Frozen Ramparts          Ice            0%         1d2       100%        3
 Ignite Poison            Fire/Tmut/Pois 0%         N/A       100%        3
 Mephitic Cloud           Conj/Pois/Air  0%         N/A       100%        3
 Ozocubu's Armour         Ice            0%         N/A       100%        3
 Stone Arrow              Conj/Erth      0%         3d7       100%        3
 Summon Guardian Golem    Hex/Summ       0%         N/A       100%        3
 Tukima's Dance           Hex            0%         N/A       100%        3
 Airstrike                Air            0%         N/A       100%        4
 Animate Armour           Summ/Erth      0%         N/A       100%        4
 Hailstorm                Conj/Ice       0%         3d3       100%        4
 Olgreb's Toxic Radiance  Pois           0%         N/A       100%        4
 Petrify                  Tmut/Erth      0%         N/A       100%        4
 Summon Ice Beast         Ice/Summ       0%         N/A       100%        4
 Summon Lightning Spire   Summ/Air       0%         N/A       100%        4
 Borgnjor's Vile Clutch   Necr/Erth      0%         N/A       100%        5
 Lee's Rapid Deconstruct  Erth           0%         3d5*      100%        5
 Lightning Bolt           Conj/Air       0%         1d11      100%        5
 Metabolic Englaciation   Hex/Ice        0%         N/A       100%        5
 Silence                  Hex/Air        0%         N/A       100%        5
 Freezing Cloud           Conj/Ice/Air   0%         6-21      100%        6
 Shadow Creatures         Summ           N/A        N/A       100%        6

Inventory:

Hand Weapons
 b - the +10 mace "Cosmuo" {holy, Will+}
   (You found it on level 1 of the Lair of Beasts)

   It has been blessed by the Shining One to cause great damage to the undead
   and demons.
   It increases your willpower.
 i - a +0 war axe of flaming
   (You found it on level 15 of the Dungeon)
 t - a +1 war axe of freezing (weapon)
   (You took it off a gnoll on level 5 of the Dungeon)
 L - the +7 hand axe "Conservator" {freeze, rElec rN+}
   (You found it on level 13 of the Dungeon)

   It has been specially enchanted to freeze those struck by it, causing extra
   injury to most foes and up to half again as much damage against particularly
   susceptible opponents.
   It can also slow down cold-blooded creatures.
   It insulates you from electricity.
   It protects you from negative energy.
 V - a +0 demon trident of venom
   (You found it on level 5 of the Lair of Beasts)
Missiles
 y - 8 javelins
 N - 2 silver boomerangs
 O - 5 curare-tipped darts {=f}
Armour
 g - a +2 pair of boots of flying (worn)
   (You bought it in a shop on level 1 of the Orcish Mines)
 z - a +2 pair of gloves (worn)
   (You found it on level 6 of the Dungeon)
 H - the +2 ratskin cloak (worn) {*Rats rPois rN+ Str-1 Int-1 Dex+1}
   (You found it on level 8 of the Dungeon)

   It affects your strength (-1).
   It affects your intelligence (-1).
   It affects your dexterity (+1).
   It protects you from poison.
   It protects you from negative energy.
 Q - a +0 kite shield (worn)
   (You bought it in a shop on level 1 of the Orcish Mines)
 R - a +2 helmet of see invisible (worn)
   (You bought it in a shop on level 1 of the Orcish Mines)
 T - +0 storm dragon scales (worn) {rare}
   (You found it on level 4 of the Lair of Beasts)
Jewellery
 s - a +6 ring of strength (right hand)
   (You found it on level 8 of the Dungeon)
 u - an amulet of reflection (around neck)
   (You found it on level 6 of the Dungeon)
 C - the ring of Symmetry (left hand) {rC+ EV+4 Dex+3 Stlth+}
   (You found it on level 13 of the Dungeon)

   [ring of evasion]

   It affects your evasion (+4).
   It affects your dexterity (+3).
   It protects you from cold.
   It makes you more stealthy.
Wands
 f - a wand of mindburst (17)
   (You found it on level 10 of the Dungeon)
 j - a wand of digging (9)
   (You took it off Robin on level 2 of the Dungeon)
 v - a wand of flame (57)
   (You found it on level 4 of the Lair of Beasts)
 x - a wand of paralysis (11)
   (You found it on level 6 of the Dungeon)
 B - a wand of polymorph (21)
   (You found it on level 6 of the Dungeon)
 E - a wand of acid (24)
   (You found it on level 8 of the Dungeon)
 F - a wand of iceblast (8)
   (You found it on level 8 of the Dungeon)
 M - a wand of charming (2)
   (You found it on level 15 of the Dungeon)
Scrolls
 h - a scroll of vulnerability {!r!r}
 n - 12 scrolls of identify {@r1}
 o - 7 scrolls of immolation {!r!r}
 q - 5 scrolls of teleportation {@r4}
 D - 3 scrolls of fog
 G - 4 scrolls of brand weapon
 I - 2 scrolls of holy word
 J - 5 scrolls of magic mapping {!r}
 X - a scroll of torment {!r}
 Y - 3 scrolls of enchant armour
 Z - 2 scrolls of enchant weapon
Potions
 k - 6 potions of lignification {!q}
 m - 8 potions of haste {@q3}
 p - 2 potions of magic
 r - 4 potions of brilliance
 w - 5 potions of might
 A - 5 potions of mutation {!q}
 K - a potion of resistance
 U - a potion of cancellation
Miscellaneous
 a - a phantom mirror (inert)
   (You found it on level 13 of the Dungeon)
 c - a condenser vane
   (You found it on level 13 of the Dungeon)
 e - a lightning rod (4/4)
   (You found it on level 13 of the Dungeon)

Dungeon Overview and Level Annotations

Branches:
Dungeon (15/15)            Temple (0/1) D:7            Lair (6/6) D:8
  Swamp (0/4) Lair:4       Spider (4/4) Lair:4        Slime (0/5) Lair:6
    Orc (2/2) D:12            Elf (0/3) Orc:2        Vaults (0/5) D:13
 Depths (0/5) D:15

Altars:
Ashenzari
Cheibriados
Dithmenos
Elyvilon
Gozag
Hepliaklqana
Kikubaaqudgha
Nemelex Xobeh
Qazlal
Trog
Uskayaw
Zin
The Shining One
Beogh
Lugonu

Shops:
D:2 [   D:5 *   D:8 !*   Orc:1 [*   Orc:2 ([*:

Portals:
Trove: D:15 (give +7 demon blade)

Annotations:
Abyss:1 Arachne, Louise

#....≈#≈≈≈....#...#.≈≈≈....≈≈≈#
#.....≈≈≈≈≈≈≈.............≈≈≈≈#
##......≈≈≈#≈≈≈..........#≈≈≈≈#
#.....###################^.≈≈.#
#.....#,,,,,,,,,^^,*,,,^#.....#
#.....#^.#...,,^^,,,...##....##
#...#^#......,,*,,,,....#.....#
#.....#≈...##########...#..#..#
#...≈≈#≈≈^^#$B@ZB...#...#.....#
#^.≈≈≈#≈≈≈##^#BZ....#../#....≈#
#..#≈≈#≈≈≈##,#Z.Z...'...#...#≈#
#..≈≈≈≈≈≈≈≈#,#..Z...'...#...≈≈≈
#..≈≈≈≈≈≈..#,#....B.'..^#..^≈≈≈
#.≈≈≈≈≈≈≈≈^#!#^.....'...#...≈≈≈
#^≈≈#≈###≈##$#......'.^##...≈≈≈
#.≈≈≈≈#≈≈≈≈#,#......#...#...≈≈#
#..≈≈≈#≈≈..#,.......#...#..#.≈#


You could see a spectral tarantella, a spectral emperor scorpion, 3 death
scarabs, a wolf spider zombie, a jumping spider zombie, a tarantella zombie
(slow, ally target) and a friendly death scarab (summoned, drained).


Message History

You're too confused to move!
You slice the wretched star!! You freeze the wretched star. 😨 HP[+1]
You barely miss the wretched star.
You're too confused to move!
The wretched star glows turbulently.
The lance of force hits you!
* * * LOW HITPOINT WARNING * * *
You are knocked back by the lance of force.
You slam into the crystal wall! 😱 HP[-11]
You take 11 damage, and now have 25/110 hp.
You bump into the stone wall.
You feel less confused.
The wretched star pulses with an eldritch light!
You feel stupid. x2 😱 HP[+1]
You pass through the gate.
Welcome back to the Spider Nest!
The death scarab evades a web.
The death scarab bites you.
* * * LOW HITPOINT WARNING * * *
The death scarab drains your vigour!
You feel yourself slow down.
The death scarab draws strength from your injuries!
You block the death scarab's attack.
The death scarab is caught in a web!
The death scarab pulls away from the web.
You block the spectral tarantella's attack.
You block the wolf spider zombie's attack.
The wolf spider zombie misses you.
The death scarab bites you but does no damage.
The spectral tarantella barely misses you.
The jumping spider zombie closely misses you.
The jumping spider zombie barely misses you.
The wolf spider zombie hits you but does no damage.
The wolf spider zombie barely misses you.
The death scarab evades a web. 😱 HP[-5] MP[-1]
You take 5 damage, and now have 21/110 hp.
You lost 1 mp, and now have 22/23 mp.
Space bends sharply around you!
The wolf spider zombie blinks!
The spectral tarantella blinks!
The spectral emperor scorpion blinks!
You blink.
The death scarab waves its antennae.
The death scarab bites you!!
* * * LOW HITPOINT WARNING * * *
A river rat scurries out from under your cloak.
The death scarab drains your vigour!
You feel as though you will be slow longer.
The death scarab draws strength from your injuries! 😱 HP[-20] MP[-1]
You take 20 damage, and now have 1/110 hp.
You lost 1 mp, and now have 21/23 mp.
Okay, then.
Press: ? - help, Shift-Dir - straight line, f - death scarab
Aim: a death scarab (chance to affect: 64%)
The death scarab struggles to resist.
You block the death scarab's attack. x3
The death scarab barely misses you. x2
The death scarab barely misses your river rat.
The spectral emperor scorpion hits your river rat.
The spectral emperor scorpion claws your river rat!
Your river rat dies! 😱 HP[+1] MP[-4]
You lost 4 mp, and now have 17/23 mp.
Okay, then.
Okay, then.
Okay, then.
Okay, then.
Aiming: Phantom Mirror
Press: ? - help, Dir - move target, f - death scarab, p - death scarab
Aim: a death scarab You reflect the death scarab with the mirror!
The mirror clouds!
You block the death scarab's attack.
Your death scarab barely misses the spectral emperor scorpion.
The death scarab closely misses you. You block the death scarab's attack.
The death scarab closely misses you.
The death scarab bites your death scarab but does no damage.
The death scarab closely misses your death scarab.
Your death scarab completely misses the death scarab.
You block the death scarab's attack.
The tarantella zombie bites your death scarab.
The death scarab completely misses you. You block the death scarab's attack.
Your death scarab barely misses the tarantella zombie.
The jumping spider zombie misses you.
You block the jumping spider zombie's attack. 😱 MP[+1]
Your death scarab bites the tarantella zombie!
Your death scarab drains the tarantella zombie's vigour!
The tarantella zombie seems to slow down.
The death scarab closely misses you. You block the death scarab's attack.
The death scarab barely misses you.
Your death scarab bites the tarantella zombie!
The tarantella zombie bites your death scarab but does no damage.
You block the death scarab's attack.
The jumping spider zombie barely misses you.
You block the jumping spider zombie's attack. 😱 HP[+1]
You fade into invisibility!
Your death scarab bites the tarantella zombie!!
The death scarab closely misses you. The death scarab bites you!!
You die...

Skill      XL: |  1  2  3  4  5  6  7  8  9 10 11 12 13 14 15 16 17 |
---------------+----------------------------------------------------+-----
Axes           | 3 4 5 6 7 9 11 12 14 16 17 18 19 20 | 20.0
Dodging        | 1 2 |  2.8
Fighting       | 4 5 6 7 9 10 11 12 13 14 15 16 | 16.2
Invocations    | 3 4 5 6 8 9 11 12 13 14 15 16 17 | 17.2
Armour         | 3 4 5 6 8 9 10 11 12 13 14 | 14.8
Shields        | 1 2 4 5 7 9 10 11 | 11.6
Evocations     | 3 5 7 8 |  8.0

Action                   |  1- 3 |  4- 6 |  7- 9 | 10-12 | 13-15 | 16-18 || total
-------------------------+-------+-------+-------+-------+-------+-------++-------
Melee: Hand axe          |    89 |       |       |       |       |       ||    89
       War axe           |    41 |   240 |   373 |   834 |  1245 |  1080 ||  3813
       Mace              |       |       |       |       |    75 |    10 ||    85
       Unarmed           |       |       |       |       |     2 |       ||     2
Throw: Boomerang         |       |       |       |       |       |     2 ||     2
       Javelin           |       |       |       |       |       |     1 ||     1
Invok: Depart the Abyss  |     1 |       |       |       |     1 |     3 ||     5
       Banish            |       |       |       |     7 |    11 |     8 ||    26
       Bend Space        |       |       |       |       |       |     5 ||     5
       Enter the Abyss   |       |       |       |       |       |     2 ||     2
Evoke: Wand              |       |       |       |       |     1 |    19 ||    20
       Lightning rod     |       |       |       |       |       |     3 ||     3
       Phantom mirror    |       |       |       |       |       |     1 ||     1
  Use: Scroll            |     4 |     7 |    11 |     1 |     5 |    12 ||    40
       Potion            |       |       |       |     1 |     7 |    15 ||    23
 Stab: Distracted        |       |       |       |     2 |     1 |     4 ||     7
       Held in net/web   |       |       |       |       |       |     2 ||     2
Armor: Leather armour    |    68 |    25 |       |       |       |       ||    93
       Scale mail        |       |    72 |       |       |       |       ||    72
       Chain mail        |       |    81 |   268 |   437 |   349 |       ||  1135
       Storm dragon scal |       |       |       |       |   576 |   797 ||  1373
Dodge: Dodged            |    88 |    90 |   130 |   218 |   319 |   590 ||  1435
Block: Buckler           |       |    37 |    76 |   202 |    41 |       ||   356
       Kite shield       |       |       |       |       |   909 |  1338 ||  2247
       Reflection        |       |       |       |       |     4 |    12 ||    16
       Other             |       |       |       |       |     1 |       ||     1

Levels and vault maps discovered:
D:1:      lightli_molten_gateway, layout_loops_corners,
          shapermc_ecumenical_altar_starsandcircs, roderic_serpentine_path,
          minmay_misc_feat_alley
D:2:      layout_rooms, serial_shops, shop, minmay_pentomino_v4
D:3:      layout_rooms, cheibrodos_ashenzari_chains, jmf_multi_god_temple,
          uniq_robin
D:4:      layout_cave_pools, lemuel_crystal_altar
D:5:      kennysheep_slugbush, layout_basic, bloody_trog, serial_shops,
          shop_fountains, uniq_prince_ribbit1, uniq_blork_the_orc
D:6:      layout_cave_pools, grunt_temple_overflow_opulence,
          serial_column_ruins, column_ruins_square_large,
          column_ruins_open_medium, column_ruins_grid_1, column_ruins_open_tiny,
          column_ruins_columns_corner, kennysheep_cross_room
D:7:      layout_loops_corners, minmay_temple_entry_antechambers,
          minmay_fire_ice_demons, uniq_maggie
D:8:      wander_guarded_unrand_ratskin, layout_basic, zin_purify,
          minmay_lair_entry_grove, serial_shops, shop
D:9:      layout_small_grid, lemuel_doored_altar, nicolae_overflow_hidden_temple
D:10:     layout_irregular_city, elyvilon_altar_4, lemuel_round_altar,
          kennysheep_dice, uniq_grum
D:11:     layout_irregular_city, kennysheep_generic_room_4
D:12:     layout_long_grid, orc_0_dummy
D:13:     gammafunk_corrupted_shrine, layout_rooms,
          grunt_vaults_entry_fortified, minmay_hollow_rounded_squares,
          uniq_kirke
D:14:     layout_long_grid, nicolae_kikubaaqudgha_miasma_corner
D:15:     grunt_enter_depths_hoard, layout_long_grid, moated_statue,
          enter_trove_1, minmay_stone_trees_medium, uniq_louise
Lair:1:   layout_roguey, serial_bayou_pond_c, serial_bayou_shore_b,
          uniq_nergalle
Lair:2:   layout_regular_city, minivault_23, uniq_fannar
Lair:3:   layout_cave_pods, beast_lair_carwin_10
Lair:4:   layout_hall_layers, nicolae_swamp_entry_splash_gauntlet,
          nicolae_spider_entry_non_spiders, beast_lair_carwin_8
Lair:5:   layout_regular_city
Lair:6:   due_jungle_book, layout_cellular_growth,
          nicolae_slime_entry_slimehenge, grunt_megastairs_2,
          serial_bayou_shore_b
Spider:1: layout_spider_delve, uniq_donald
Spider:2: layout_spider_delve, uniq_azrael
Spider:3: layout_spider_delve, hangedman_spider_tarantella_strand, uniq_arachne
Spider:4: floodkiller_spider_rune_tomb, nicolae_spider_webs_and_nodes
Orc:1:    layout_caves, serial_shops, shop, basic_altar, minmay_shop_mass
Orc:2:    st_orc_congregation, layout_diamond_mine, uniq_josephine

Notes
Turn   | Place    | Note
-------+----------+-------------------------------------------
     0 | Abyss:1  | spiderkeys the Hill Orc Abyssal Knight began the quest for
                  | the Orb.
     0 | Abyss:1  | Reached XP level 1. HP: 19/19 MP: 2/2
     0 | Abyss:1  | magus.rc [v1.9.10]
    98 | Abyss:1  | Noticed an ancient zyme
   102 | Abyss:1  | Noticed a raiju
   102 | Abyss:1  | HP: 4/19 [raiju/living lightning (15)]
   103 | D:1      | You pass through the gate.
   103 | D:1      | Escaped the Abyss
   464 | D:1      | Reached * piety under Lugonu
   571 | D:1      | Reached skill level 3 in Axes
   571 | D:1      | Reached skill level 1 in Dodging
   578 | D:1      | Reached XP level 2. HP: 21/27 MP: 3/3
   653 | D:1      | You pick up a book of Frost and begin reading...
   653 | D:1      | You add the spells Freeze, Frozen Ramparts, Ozocubu's
                  | Armour, Hailstorm and Metabolic Englaciation to your
                  | library.
  1058 | D:1      | Found a faded altar of an unknown god.
  1327 | D:1      | Reached XP level 3. HP: 33/33 MP: 5/5
  1786 | D:2      | Found Iruyhud's Armour Shoppe.
  1971 | D:2      | Reached skill level 4 in Fighting
  1971 | D:2      | Reached skill level 3 in Invocations
  2182 | D:2      | Reached skill level 4 in Axes
  2182 | D:2      | Reached XP level 4. HP: 25/40 MP: 6/6
  2190 | D:2      | Reached ** piety under Lugonu
  2191 | D:2      | Reached skill level 3 in Armour
  2447 | D:2      | Reached XP level 5. HP: 47/47 MP: 7/7
  2500 | D:2      | You pick up a book of Callings and begin reading...
  2500 | D:2      | You add the spells Summon Small Mammal, Call Imp, Call
                  | Canine Familiar, Summon Guardian Golem, Summon Lightning
                  | Spire and Summon Ice Beast to your library.
  2672 | D:2      | Bought a +0 buckler for 45 gold pieces
  2684 | D:3      | Identified the +1 helmet of the Sparrow {Dex+3}
  2684 | D:3      | Noticed Robin
  2760 | D:2      | Killed Robin
  2811 | D:3      | Found a broken altar of Ashenzari.
  3151 | D:3      | Reached skill level 5 in Axes
  3522 | D:3      | Found a snail-covered altar of Cheibriados.
  3526 | D:3      | Found a hazy altar of Hepliaklqana.
  3683 | D:3      | Reached *** piety under Lugonu
  3746 | D:4      | Reached skill level 1 in Shields
  3746 | D:4      | Reached skill level 4 in Invocations
  3746 | D:4      | Reached XP level 6. HP: 50/53 MP: 7/9
  3875 | D:4      | Found a glowing golden altar of the Shining One.
  4297 | D:5      | Entered Level 5 of the Dungeon
  4476 | D:5      | Reached skill level 6 in Axes
  4544 | D:5      | Noticed Blork the orc
  4552 | D:5      | Killed Blork the orc
  4553 | D:5      | Reached skill level 5 in Fighting
  4553 | D:5      | Reached skill level 2 in Shields
  4553 | D:5      | Reached XP level 7. HP: 53/61 MP: 10/10
  4624 | D:5      | Reached skill level 4 in Armour
  4656 | D:5      | Found Obabriewy's Assorted Antiques.
  4745 | D:5      | Reached **** piety under Lugonu
  4818 | D:5      | Found a bloodstained altar of Trog.
  4938 | D:5      | Reached skill level 5 in Invocations
  5187 | D:5      | Reached skill level 7 in Axes
  5548 | D:5      | Reached XP level 8. HP: 69/69 MP: 11/11
  5575 | D:5      | Reached skill level 3 in Shields
  5757 | D:5      | Reached skill level 6 in Fighting
  5877 | D:5      | Noticed Prince Ribbit
  5906 | D:5      | Killed Prince Ribbit
  5907 | D:5      | Reached skill level 8 in Axes
  5907 | D:5      | Reached skill level 5 in Armour
  6341 | D:6      | Reached skill level 6 in Invocations
  6507 | D:6      | Found an opulent altar of Gozag.
  6507 | D:6      | Found a sparkling altar of Nemelex Xobeh.
  6543 | D:6      | Reached skill level 4 in Shields
  6575 | D:6      | Reached skill level 9 in Axes
  6575 | D:6      | Reached XP level 9. HP: 61/78 MP: 13/13
  7378 | D:7      | Noticed Maggie
  7392 | D:7      | Reached skill level 7 in Fighting
  7395 | D:7      | Reached skill level 6 in Armour
  7395 | D:7      | Killed Maggie
  7396 | D:7      | Reached skill level 10 in Axes
  7396 | D:7      | Reached skill level 7 in Invocations
  7699 | D:7      | You add the spells Sting, Poisonous Vapours, Mephitic
                  | Cloud, Ignite Poison and Olgreb's Toxic Radiance to your
                  | library.
  7781 | D:7      | Reached ***** piety under Lugonu
  7831 | D:7      | Found a staircase to the Ecumenical Temple.
  8537 | D:8      | Found Ulynusch's Distillery.
  8545 | D:8      | Bought a potion of heal wounds for 50 gold pieces
  8706 | D:8      | Reached skill level 11 in Axes
  8711 | D:8      | Reached skill level 8 in Invocations
  8711 | D:8      | Reached XP level 10. HP: 78/88 MP: 14/16
  8728 | D:8      | Reached skill level 8 in Fighting
  8765 | D:8      | Found Zin's Purification Station.
  8769 | D:8      | Found a glowing silver altar of Zin.
  8780 | D:8      | Reached skill level 7 in Armour
  9217 | D:8      | Reached skill level 12 in Axes
  9275 | D:8      | Found a staircase to the Lair.
  9893 | D:8      | Found the +2 ratskin cloak {*Rats rPois rN+ Str-1 Int-1
                  | Dex+1}
 10196 | D:9      | Found a hide-covered altar of Uskayaw.
 10236 | D:9      | Found a stormy altar of Qazlal.
 10347 | D:9      | Reached skill level 9 in Invocations
 10524 | D:9      | Noticed a two-headed ogre
 10774 | D:8      | Banished a two-headed ogre
 10775 | D:8      | Reached skill level 9 in Fighting
 11052 | D:9      | Reached skill level 8 in Armour
 11387 | D:10     | Entered Level 10 of the Dungeon
 11399 | D:10     | Noticed Grum
 11407 | D:10     | Reached XP level 11. HP: 91/97 MP: 18/18
 11408 | D:10     | Reached skill level 13 in Axes
 11417 | D:10     | Killed Grum
 11589 | D:10     | Noticed a two-headed ogre
 11633 | D:10     | Killed a two-headed ogre
 11835 | D:10     | Found a shadowy altar of Dithmenos.
 11934 | D:10     | Noticed a two-headed ogre
 11944 | D:10     | Killed a two-headed ogre
 11945 | D:10     | Reached skill level 10 in Invocations
 12253 | D:10     | Noticed a two-headed ogre
 12258 | D:10     | Killed a two-headed ogre
 12259 | D:10     | Reached skill level 10 in Fighting
 12259 | D:10     | Reached skill level 14 in Axes
 12359 | D:10     | Found a white marble altar of Elyvilon.
 12634 | D:11     | Noticed a manticore
 12646 | D:11     | Killed a manticore
 12647 | D:11     | Reached skill level 9 in Armour
 12842 | D:11     | Noticed a manticore
 12853 | D:11     | Killed a manticore
 13663 | D:12     | Noticed a manticore
 13671 | D:12     | Killed a manticore
 13795 | D:12     | Found a staircase to the Orcish Mines.
 13931 | D:12     | Noticed a manticore
 13950 | D:12     | Killed a manticore
 14255 | D:12     | Noticed a cyclops
 14257 | D:12     | Banished a cyclops
 14258 | D:12     | Reached skill level 11 in Invocations
 14258 | D:12     | Reached XP level 12. HP: 78/107 MP: 15/20
 14554 | D:12     | Reached skill level 15 in Axes
 15035 | D:13     | Noticed a tengu warrior
 15056 | D:13     | Killed a tengu warrior
 15213 | D:13     | Identified the +7 hand axe "Conservator" {freeze, rElec
                  | rN+}
 15232 | D:13     | HP: 26/108 [white ugly thing (24)]
 15545 | D:13     | Noticed Kirke
 15784 | Orc:1    | Entered Level 1 of the Orcish Mines
 15784 | Orc:1    | Found Foliekk's Mass Market.
 15791 | Orc:1    | Found Walog's Antique Armour Shoppe.
 15973 | Orc:1    | Found a roughly hewn altar of Beogh.
 16067 | Orc:1    | Reached skill level 11 in Fighting
 16198 | Orc:2    | Entered Level 2 of the Orcish Mines
 16731 | Orc:2    | Reached skill level 10 in Armour
 18535 | Orc:2    | Reached ****** piety under Lugonu
 18557 | Orc:2    | Reached skill level 16 in Axes
 18566 | Orc:2    | Noticed a sun demon
 18569 | Orc:2    | Reached skill level 12 in Invocations
 18584 | Orc:2    | HP: 27/108 [orc warrior/+1 scimitar of electrocution (18)]
 18635 | Orc:2    | Noticed an orc high priest
 18679 | Orc:2    | Killed an orc high priest
 18959 | Orc:2    | Noticed an orc high priest
 18976 | Orc:2    | Killed an orc high priest
 18983 | Orc:2    | Reached XP level 13. HP: 103/115 MP: 22/22
 19058 | Orc:2    | HP: 24/117 [orc warrior/+1 vorpal scimitar (8)]
 19117 | Orc:2    | HP: 27/117 [orc high priest/divine providence (16)]
 19125 | Orc:2    | HP: 12/117 [orc high priest/divine providence (17)]
 19422 | Orc:2    | Paralysed by an orc sorcerer for 6 turns
 19433 | Orc:2    | Paralysed by an orc sorcerer for 4 turns
 19616 | Orc:2    | Noticed an orc warlord
 19642 | Orc:2    | Banished an orc warlord
 19643 | Orc:2    | Reached skill level 12 in Fighting
 19811 | Orc:2    | Noticed Josephine
 19837 | Orc:2    | Killed Josephine
 19838 | Orc:2    | Reached skill level 17 in Axes
 19838 | Orc:2    | Reached skill level 11 in Armour
 19984 | Orc:2    | Found a staircase to the Elven Halls.
 20110 | Orc:2    | Found Ceziveube's General Store.
 20111 | Orc:2    | Found Lienk's Book Shoppe.
 20113 | Orc:2    | Found Mugrut's Antique Armour Shoppe.
 20113 | Orc:2    | Found Saenam's Antique Weapon Emporium.
 20118 | Orc:2    | Bought a potion of curing for 45 gold pieces
 20237 | Orc:1    | Bought a pair of runed boots for 187 gold pieces
 20237 | Orc:1    | Bought a kite shield for 112 gold pieces
 20259 | Orc:1    | Bought a shiny helmet for 187 gold pieces
 20259 | Orc:1    | Bought a shiny helmet for 187 gold pieces
 20427 | Lair:1   | Entered Level 1 of the Lair of Beasts
 20431 | Lair:1   | Reached skill level 1 in Evocations
 20440 | Lair:1   | Identified the +10 mace "Cosmuo" {holy, Will+}
 20448 | Lair:1   | You pick up a book of Clouds and begin reading...
 20448 | Lair:1   | You add the spells Conjure Flame and Freezing Cloud to your
                  | library.
 20594 | Lair:1   | Noticed Nergalle
 20607 | Lair:1   | Killed Nergalle
 21063 | Lair:1   | Reached skill level 2 in Evocations
 21415 | Lair:2   | Reached skill level 13 in Invocations
 21436 | Lair:2   | Reached skill level 5 in Shields
 21659 | Lair:2   | Identified the +8 dagger "Berecw" {protect, rPois Stlth+}
 22042 | Lair:2   | Noticed Fannar
 22044 | Lair:2   | Banished Fannar
 22554 | Lair:3   | Reached skill level 3 in Evocations
 23755 | Lair:4   | Reached XP level 14. HP: 125/127 MP: 24/24
 23889 | Lair:4   | Reached skill level 6 in Shields
 23923 | Lair:4   | Reached skill level 4 in Evocations
 23996 | Lair:4   | Found a hole to the Spider Nest.
 24195 | Lair:4   | Reached skill level 13 in Fighting
 24474 | Lair:4   | T - +0 storm dragon scales {rare}
 24486 | Lair:4   | You finish putting on your +0 storm dragon scales {rare}.
 24554 | Lair:4   | Reached skill level 12 in Armour
 25123 | Lair:4   | Found a staircase to the Swamp.
 25521 | Lair:5   | Reached skill level 14 in Invocations
 25543 | Lair:5   | Reached skill level 5 in Evocations
 25733 | Lair:5   | Reached skill level 7 in Shields
 26357 | Lair:5   | Reached skill level 18 in Axes
 26989 | Lair:6   | Entered Level 6 of the Lair of Beasts
 27063 | Lair:6   | Reached XP level 15. HP: 76/136 MP: 25/25
 27457 | Lair:6   | Reached skill level 6 in Evocations
 27584 | Lair:6   | Found a staircase to the Slime Pits.
 28150 | Lair:6   | Reached skill level 8 in Shields
 28692 | Lair:6   | You pick up a book of Geomancy and begin reading...
 28692 | Lair:6   | You add the spells Sandblast, Passwall, Stone Arrow,
                  | Petrify and Lee's Rapid Deconstruction to your library.
 29243 | Lair:6   | Reached skill level 14 in Fighting
 29577 | Lair:6   | You pick up a book of Callings and begin reading...
 29580 | Lair:6   | You pick up a book of Dreams and begin reading...
 29580 | Lair:6   | You add the spells Ensorcelled Hibernation, Animate Armour,
                  | Borgnjor's Vile Clutch, Silence and Shadow Creatures to
                  | your library.
 30278 | D:13     | your +0 storm dragon scales {rare} melds into your body.
 30281 | D:13     | Killed Kirke
 30281 | D:13     | your +0 storm dragon scales {rare} unmelds from your body.
 30282 | D:13     | Reached skill level 15 in Invocations
 30558 | D:13     | Found a transporter.
 30561 | D:13     | Found a corrupted altar of Lugonu.
 30666 | D:13     | Paralysed by an ogre mage for 6 turns
 31027 | D:13     | Reached skill level 7 in Evocations
 31040 | D:13     | Reached skill level 13 in Armour
 31369 | D:13     | Identified Duseaf's Catalogue of Entrancing Air
 31370 | D:13     | You add the spells Corona, Tukima's Dance, Airstrike and
                  | Lightning Bolt to your library.
 31581 | D:13     | You are cast into the Abyss!
 31581 | D:13     | Cast into level 3 of the Abyss (a wizard)
 31598 | Abyss:3  | Reached skill level 9 in Shields
 31602 | D:13     | You pass through the gate.
 31602 | D:13     | Escaped the Abyss
 31602 | D:13     | HP: 27/139 [vault guard/+0 bardiche (12)]
 31616 | D:13     | HP: 6/139 [orc knight/+0 dire flail (29)]
 32142 | D:13     | Reached XP level 16. HP: 138/147 MP: 27/27
 32248 | D:13     | Found a gate to the Vaults.
 32359 | D:13     | Noticed a storm dragon
 32373 | D:13     | Found a transporter.
 32382 | D:13     | Killed a storm dragon
 32563 | D:13     | Identified the ring of Symmetry {rC+ EV+4 Dex+3 Stlth+}
 33070 | D:14     | Found an ancient bone altar of Kikubaaqudgha.
 33484 | D:14     | Reached skill level 19 in Axes
 33803 | D:15     | Entered Level 15 of the Dungeon
 34142 | D:15     | Found a portal to a secret trove of treasure.
 34157 | D:15     | You pick up a book of Minor Magic and begin reading...
 34157 | D:15     | You add the spells Magic Dart, Blink and Slow to your
                  | library.
 34165 | D:15     | This trove needs a +7 demon blade to function. Give it the
                  | item?
 34391 | D:15     | Found a staircase to the Depths.
 34540 | D:15     | Noticed Louise
 34543 | D:15     | You are cast into the Abyss!
 34543 | D:15     | Cast into level 2 of the Abyss (Louise)
 34899 | Abyss:3  | Reached skill level 8 in Evocations
 34914 | D:15     | You pass through the gate.
 34914 | D:15     | Escaped the Abyss
 34948 | D:15     | Banished Louise
 35391 | D:15     | Identified the +7 great sword "Fesomu" {flame, rF+ Will++
                  | rCorr Int+2}
 35892 | Spider:1 | Entered Level 1 of the Spider Nest
 35954 | Spider:1 | Noticed Donald
 35959 | Spider:2 | Noticed Azrael
 35995 | Lair:4   | HP: 24/147 [Donald/+0 scimitar (25)]
 36001 | Lair:4   | Killed Donald
 36365 | Spider:1 | Reached skill level 15 in Fighting
 36710 | Spider:1 | Reached skill level 10 in Shields
 37133 | Spider:2 | Reached skill level 16 in Invocations
 37718 | Spider:2 | Killed Azrael
 38590 | Spider:3 | Reached skill level 14 in Armour
 38693 | Spider:3 | Reached XP level 17. HP: 73/156 MP: 27/29
 38702 | Spider:3 | HP: 29/156 [wolf spider (16)]
 38704 | Abyss:1  | Noticed a bone dragon
 38715 | Abyss:1  | Noticed a tentacled starspawn
 38719 | Abyss:1  | HP: 24/156 [bone dragon (13)]
 38722 | Abyss:1  | HP: 9/156 [bone dragon (11)]
 38723 | Abyss:1  | Killed a bone dragon
 38725 | Abyss:1  | Killed a tentacled starspawn
 38742 | Abyss:1  | Identified the +8 mace "Xacat" {drain, rN++ Will- Int+3
                  | Dex+4}
 38841 | Abyss:1  | Found a corrupted altar of Lugonu.
 38964 | Spider:3 | You pass through the gate.
 38964 | Spider:3 | Escaped the Abyss
 40376 | Spider:3 | Noticed Arachne
 40379 | Spider:3 | Banished Arachne
 40380 | Spider:3 | Reached skill level 11 in Shields
 40563 | Spider:4 | Entered Level 4 of the Spider Nest
 41935 | Spider:4 | Reached skill level 20 in Axes
 42630 | Spider:4 | Reached skill level 17 in Invocations
 42849 | Spider:4 | Reached skill level 16 in Fighting
 42930 | Spider:4 | Reached skill level 2 in Dodging
 43765 | Spider:4 | HP: 35/158 [emperor scorpion (8)]
 44164 | Spider:4 | HP: 37/158 [spectral emperor scorpion (6)]
 44166 | Spider:4 | HP: 17/158 [spectral emperor scorpion (8)]
 44167 | Spider:4 | HP: 6/158 [death scarab (10)]
 44174 | Abyss:1  | Noticed a bone dragon
 44187 | Abyss:2  | HP: 16/158 [tarantella (2)]
 44357 | Abyss:2  | Noticed a tentacled starspawn
 44415 | Abyss:2  | HP: 25/110 [wretched star/lance of force (11)]
 44417 | Spider:4 | You pass through the gate.
 44417 | Spider:4 | Escaped the Abyss
 44418 | Spider:4 | HP: 1/110 [death scarab (18)]
 44422 | Spider:4 | Demolished by a death scarab

Vanquished Creatures
  Kirke (D:13)
  Donald (Lair:4)
  A ghost moth (Spider:4)
  5 emperor scorpions
  4 entropy weavers
  3 dire elephants (Lair:6)
  A lorocyproca (Abyss:3)
  Azrael (Spider:2)
  A spark wasp (Spider:4)
  Josephine (Orc:2)
  A fire dragon (D:15)
  A boulder beetle (D:14)
  3 vault guards (D:13)
  10 hydras
  An anaconda (Lair:6)
  7 death yaks (Lair:4)
  5 centaur warriors
  2 ogre magi (D:13)
  2 tengu warriors (D:13)
  4 two-headed ogres
  5 death scarabs (Spider:4)
  3 orc high priests (Orc:2)
  3 thrashing horrors (D:13)
  Nergalle (Lair:1)
  3 spectral wolf spiders (Spider:4)
  2 wizards
  3 orc knights
  9 orb spiders
  An oklob plant (Lair:6)
  A wolf spider zombie (Spider:4)
  20 wolf spiders
  3 orc sorcerers (Orc:2)
  8 ugly things
  2 moths of wrath
  4 manticores
  29 elephants
  3 cyclopes
  4 black mambas
  11 cane toads
  4 torpor snails
  A gargoyle (D:12)
  A smoke demon (Abyss:3)
  An unseen horror (D:10)
  3 spectral redbacks (Spider:4)
  Maggie (D:7)
  6 demonic crawlers
  2 rime drakes (Lair:6)
  6 komodo dragons
  An efreet (D:14)
  A redback zombie (Spider:4)
  A yaktaur (D:13)
  An ancient zyme (Abyss:2)
  28 jumping spiders
  A meliai (shapeshifter) (D:14)
  A troll (D:9)
  8 hornets
  3 spectral tarantellas (Spider:4)
  3 spectral jumping spiders (Spider:4)
  4 polar bears
  2 raiju (D:13)
  Prince Ribbit (D:5)
  18 blink frogs
  3 dream sheep (Lair:6)
  4 jumping spider zombies (Spider:4)
  A vampire (D:11)
  6 wraiths
  46 yaks
  4 large abominations
  22 tarantellas
  A shadow (D:10)
  43 redbacks
  7 wyverns
  2 fire elementals
  11 basilisks
  A golden eye (Abyss:2)
  4 hogs (D:13)
  A hog (shapeshifter) (D:15)
  Grum (D:10)
  A steam dragon (D:9)
  15 vampire mosquitoes
  2 swamp worms (Lair:4)
  4 wargs (Orc:1)
  An acid dragon (D:11)
  4 hell hounds
  12 water moccasins
  33 orc warriors
  A spectral hornet (Spider:4)
  An ice beast (D:7)
  A hornet zombie (Spider:4)
  6 black bears
  3 sky beasts
  16 wolves
  6 ogres
  4 centaurs (D:15)
  Blork the orc (D:5)
  A bullfrog (shapeshifter) (D:13)
  2 gnoll sergeants (D:5)
  18 bullfrogs
  A wyvern zombie (D:6)
  3 small abominations
  6 scorpions
  A water moccasin skeleton (D:5)
  10 killer bees
  5 wights (D:8)
  3 electric eels
  7 howler monkeys
  A bullfrog zombie (D:7)
  A crimson imp (D:7)
  4 centaur zombies
  2 bullfrog skeletons
  3 jellies
  2 gnoll shamans
  24 orc priests
  4 hounds
  28 orc wizards
  A scorpion zombie (D:5)
  A hell rat (D:8)
  4 killer bee zombies
  Robin (D:2)
  A howler monkey skeleton (D:4)
  15 gnolls
  6 river rats (D:8)
  6 adders
  3 white imps
  2 adder skeletons (D:4)
  3 worms (Lair:4)
  14 dart slugs
  67 orcs
  7 ball pythons
  5 endoplasms
  5 giant cockroaches
  15 goblins
  10 hobgoblins
  4 jackals
  5 quokkas
  3 bats
  7 frilled lizards
  14 kobolds
  17 rats
878 creatures vanquished.

Vanquished Creatures (collateral kills)
  A bone dragon (Abyss:1)
  A tentacled starspawn (Abyss:1)
  A storm dragon (shapeshifter) (D:13)
  A very ugly thing (Abyss:1)
  A boulder beetle (Abyss:1)
  An ice dragon (D:15)
  A two-headed ogre (D:10)
  A bog body (Lair:4)
  An orc sorcerer (Orc:2)
  A wolf spider (Spider:2)
  2 manticores
  An ugly thing (D:14)
  An elephant (Lair:2)
  A moth of wrath (Spider:2)
  An unseen horror (D:13)
  A cane toad (Lair:4)
  A komodo dragon (Lair:6)
  A jumping spider (Spider:2)
  A troll (Orc:2)
  2 wraiths (Orc:2)
  A vampire mosquito (D:14)
  A spectral hornet (Spider:4)
  An orc warrior (Orc:2)
  A bullfrog (Lair:2)
  An orc (Orc:2)
  A starspawn tentacle (Abyss:1)
28 creatures vanquished.

Vanquished Creatures (others)
  An orb spider (Spider:4)
  2 shadows
  A fire bat (Abyss:3)
  A human (D:13)
  2 yaks (Lair:6)
  An orc warrior (Abyss:1)
  An orc wizard (D:2)
  35 fungi
  60 plants
  2 starspawn tentacles (Abyss:1)
106 creatures vanquished.

Grand Total: 1012 creatures vanquished

Table legend:
 A = Non-vault XP
 B = Vault XP
 C = Vault XP percentage of total XP
 D = Non-vault monster count
 E = Vault monster count
 F = Vault count percentage of total count
                 A         B        C        D         E       F
            +---------+---------+-------+---------+---------+-------
      Total |  143014 |   96896 |  40.4 |     604 |     317 |  34.4
            +---------+---------+-------+---------+---------+-------
        D:1 |      40 |       0 |   0.0 |      24 |       0 |   0.0
        D:2 |     121 |      41 |  25.3 |      18 |      10 |  35.7
        D:3 |      66 |      15 |  18.5 |      15 |       9 |  37.5
        D:4 |     195 |       0 |   0.0 |      22 |       0 |   0.0
        D:5 |     993 |     400 |  28.7 |      25 |      11 |  30.6
        D:6 |     762 |       0 |   0.0 |      14 |       0 |   0.0
        D:7 |    1078 |     432 |  28.6 |      21 |       3 |  12.5
        D:8 |    1948 |    2034 |  51.1 |      20 |      33 |  62.3
        D:9 |    1229 |       0 |   0.0 |      19 |       0 |   0.0
       D:10 |    3212 |    1819 |  36.2 |      14 |       6 |  30.0
       D:11 |    1587 |     169 |   9.6 |       5 |       1 |  16.7
       D:12 |    5108 |       0 |   0.0 |      22 |       0 |   0.0
       D:13 |    4569 |   22717 |  83.3 |      11 |      37 |  77.1
       D:14 |    7555 |       0 |   0.0 |      15 |       0 |   0.0
       D:15 |    4381 |    3386 |  43.6 |      13 |       3 |  18.8
     Lair:1 |    3556 |     816 |  18.7 |      20 |       1 |   4.8
     Lair:2 |    5168 |     981 |  16.0 |      16 |       1 |   5.9
     Lair:3 |    1558 |     788 |  33.6 |       7 |       8 |  53.3
     Lair:4 |   13469 |    6712 |  33.3 |      30 |      22 |  42.3
     Lair:5 |   10860 |       0 |   0.0 |      29 |       0 |   0.0
     Lair:6 |   21074 |    5732 |  21.4 |      63 |      16 |  20.3
   Spider:1 |    5429 |     351 |   6.1 |      12 |       2 |  14.3
   Spider:2 |   10567 |    1881 |  15.1 |      34 |       5 |  12.8
   Spider:3 |   19572 |    4833 |  19.8 |      54 |       5 |   8.5
   Spider:4 |    7122 |   28857 |  80.2 |      15 |      60 |  80.0
      Orc:1 |    1060 |     133 |  11.1 |       9 |       1 |  10.0
      Orc:2 |    2507 |   13957 |  84.8 |      42 |      81 |  65.9
    Abyss:1 |    4548 |     628 |  12.1 |       5 |       1 |  16.7
    Abyss:2 |     925 |     214 |  18.8 |       4 |       1 |  20.0
    Abyss:3 |    2755 |       0 |   0.0 |       6 |       0 |   0.0
            +---------+---------+-------+---------+---------+-------

Illustrated notes

Table legend:
 A = Kills in this place as a percentage of kills in entire the game.
 B = Kills by you in this place as a percentage of kills by you in the entire game.
 C = Kills by friends in this place as a percentage of kills by friends in the entire game.
 D = Other kills in this place as a percentage of other kills in the entire game.
 E = Experience gained in this place as a percentage of experience gained in the entire game.
 F = Experience gained in this place divided by the number of levels of this place that you have seen.
                   A       B       C       D       E      F
               +-------+-------+-------+-------+-------+----------------------
         Total | 100.0 | 100.0 | 100.0 | 100.0 | 100.0 | 7056.2
       Dungeon |  40.3 |  40.7 |  29.6 |  37.5 |  26.6 | 4257.1
          Lair |  23.1 |  23.5 |  18.5 |  12.5 |  29.5 | 11785.7
   Spider Nest |  20.3 |  20.6 |  14.8 |  12.5 |  32.8 | 19653.0
  Orcish Mines |  14.4 |  13.9 |  22.2 |  31.2 |   7.4 | 8828.5
         Abyss |   1.8 |   1.4 |  14.8 |   6.2 |   3.8 | 1295.7
               +-------+-------+-------+-------+-------+----------------------

Table legend: (Time is in decaauts)
 A = Elapsed time spent in this place.
 B = Non-inter-level travel time spent in this place.
 C = Inter-level travel time spent in this place.
 D = Time resting spent in this place.
 E = Time spent auto-exploring this place.
 F = Levels seen in this place.
 G = Mean time per level.
                   A        B        C        D        E       F      G
               +--------+--------+--------+--------+--------+-----+--------+
         Total |  44127 |  42252 |   1875 |   9672 |  25008 |  34 | 1297.9 |
       Dungeon |  21125 |  20031 |   1094 |   3841 |  13095 |  15 | 1408.3 |
          Lair |  10046 |   9715 |    331 |    692 |   7462 |   6 | 1674.3 |
   Spider Nest |   7551 |   7240 |    311 |   2766 |   2738 |   4 | 1887.8 |
  Orcish Mines |   4425 |   4287 |    138 |   1813 |   1634 |   2 | 2212.5 |
         Abyss |    979 |    979 |      0 |    559 |     79 |   7 |  139.9 |
               +--------+--------+--------+--------+--------+-----+--------+

Top non-repeatable levels by time:
Spider:4: 3370 daAuts
   Orc:2: 3052 daAuts
  Lair:6: 2782 daAuts
    D:13: 2497 daAuts
  Lair:4: 2333 daAuts
     D:8: 2210 daAuts
    D:12: 2069 daAuts
     D:5: 2003 daAuts
  Lair:5: 1796 daAuts
Spider:2: 1707 daAuts
     D:1: 1695 daAuts
     D:7: 1561 daAuts
    D:15: 1492 daAuts
   Orc:1: 1372 daAuts
    D:10: 1323 daAuts
